 Dungeon Crawl Stone Soup version 0.25.1-2-g60ff931df9 (webtiles) character file.

Game seed: 1437955665500887708

203 Elvor the Chopper (level 5, -1/47 HPs)
             Began as a Hill Orc Fighter on Sept 14, 2020.
             Slain by Pikel
             ... wielding a +0 whip of freezing
              (2 damage)
             ... on level 4 of the Dungeon.
             The game lasted 00:20:09 (2786 turns).

Elvor the Chopper (Hill Orc Fighter)                Turns: 2786, Time: 00:20:10

Health: -1/47      AC:  7    Str: 20    XL:     5   Next: 81%
Magic:  5/5        EV:  7    Int:  8    God:
Gold:   243        SH:  9    Dex: 10    Spells: 4/4 levels left

rFire    . . .     SeeInvis .   a - +0 war axe
rCold    . . .     Gourm    .   c - +0 kite shield
rNeg     . . .     Faith    .   b - +0 scale mail
rPois    .         Spirit   .   (no helmet)
rElec    .         Reflect  .   (no cloak)
rCorr    .         Harm     .   (no gloves)
MR       .....                  (no boots)
Stlth    ..........             (no amulet)
HPRegen  0.15/turn              e - ring of attention (curse)
MPRegen  0.09/turn              j - ring of wizardry

@: mighty
A: no striking features
a: no special abilities


You were on level 4 of the Dungeon.
You were not hungry.

You visited 1 branch of the dungeon, and saw 4 of its levels.

You collected 243 gold pieces.

Inventory:

Hand Weapons
 a - a +0 war axe (weapon)
 s - a +0 hunting sling
 v - a +4 shortbow
Missiles
 m - 35 stones
 q - 22 sling bullets (quivered)
Armour
 b - a +0 scale mail (worn)
 c - a +0 kite shield (worn)
 r - a +0 plate armour
 t - a +0 leather armour of fire resistance
Jewellery
 e - a cursed ring of attention (left hand)
 j - a ring of wizardry (right hand)
 w - an uncursed amulet of faith {unknown}
Scrolls
 i - 4 scrolls of identify {unknown}
 k - 2 scrolls of teleportation {unknown}
 l - 3 scrolls of remove curse {unknown}
 n - 2 scrolls of amnesia {unknown}
 o - a scroll of fog {unknown}
 p - a scroll of noise {unknown}
Potions
 d - 2 potions of might
 g - 2 potions of lignification {unknown}
 h - a potion of brilliance {unknown}
 x - a potion of cancellation {unknown}
Comestibles
 f - 6 rations
 u - 3 chunks of flesh


   Skills:
 + Level 4.4 Fighting
 * Level 5.3 Axes
 + Level 1.2 Slings
 + Level 3.9 Armour
 + Level 0.9 Dodging
 + Level 3.9 Shields


You had 4 spell levels left.
You didn't know any spells.
Your spell library was empty.

Dungeon Overview and Level Annotations

Branches:
Dungeon (4/15)
 Temple: D:4-7

Altars:

Annotations:
D:4 Pikel


Message History

* * * LOW HITPOINT WARNING * * *
Pikel freezes you.
* * * LOW HITPOINT WARNING * * *
You hit Pikel.
Pikel is heavily wounded.
Pikel says, "You'll feel the lick of my whip!"
Pikel hits you but does no damage. x2
Your shield and scale mail prevent you from hitting Pikel.
Pikel is heavily wounded.
You block Pikel's attack.
You hit Pikel.
Pikel is heavily wounded.
Pikel hits you with a +0 whip of freezing.
* * * LOW HITPOINT WARNING * * *
Pikel freezes you.
* * * LOW HITPOINT WARNING * * *
Pikel hits you with a +0 whip of freezing.
* * * LOW HITPOINT WARNING * * *
Pikel freezes you.
You die...

##################
#>................
#@..............รท.
#pK....#############
#p###### #p ( ##


You could see Pikel and 3 slaves.

Vanquished Creatures
  A slave (D:4)
  A howler monkey (D:4)
  7 adders
  2 oozes (D:2)
  3 worms (D:3)
  A dart slug (D:3)
  2 leopard geckos (D:2)
  5 orcs
  2 ball pythons (D:1)
  6 giant cockroaches
  12 goblins
  11 hobgoblins
  2 quokkas
  A ball python skeleton (D:4)
  6 bats
  5 frilled lizards
  5 kobolds
  7 rats (D:1)
79 creatures vanquished.

Notes
Turn   | Place    | Note
-------+----------+-------------------------------------------
     0 | D:1      | Elvor the Hill Orc Fighter began the quest for the Orb.
     0 | D:1      | Reached XP level 1. HP: 19/19 MP: 1/1
   157 | D:1      | Reached XP level 2. HP: 27/27 MP: 2/2
   256 | D:1      | Reached skill level 3 in Axes
   568 | D:1      | Reached XP level 3. HP: 33/33 MP: 3/3
   990 | D:2      | Reached skill level 4 in Axes
   990 | D:2      | Reached XP level 4. HP: 20/40 MP: 4/4
  1740 | D:3      | Reached XP level 5. HP: 33/47 MP: 5/5
  1955 | D:3      | Reached skill level 5 in Axes
  2724 | D:4      | Reached skill level 1 in Slings
  2741 | D:4      | Noticed a slave
  2758 | D:4      | Killed a slave
  2771 | D:4      | Noticed Pikel
  2773 | D:4      | Noticed a slave
  2777 | D:4      | Noticed a slave
  2778 | D:4      | Noticed a slave
  2786 | D:4      | HP: 1/47 [Pikel/+0 whip of freezing (4)]
  2786 | D:4      | Slain by Pikel

Illustrated notes

Levels and vault maps discovered:
D:1:      lightli_arrival_maybe_door_vault, layout_basic, minmay_tetromino_l4
D:2:      layout_rooms
D:3:      layout_loops_cross
D:4:      layout_basic, hangedman_decor_peaks_small, uniq_pikel

Skill      XL: |  1  2  3  4  5 |
---------------+----------------+-----
Axes           | 3 4 5 |  5.3
Fighting       | 4 |  4.4
Slings         | 1 |  1.2
Armour         | |  3.9
Dodging        | |  0.9
Shields        | |  3.9

Action                   |  1- 3 |  4- 6 || total
-------------------------+-------+-------++-------
Melee: War axe           |   131 |   146 ||   277
 Fire: Hunting sling     |       |    38 ||    38
  Use: Potion            |       |     1 ||     1
  Eat: Chunk             |       |     3 ||     3
       Ration            |       |     1 ||     1
Armor: Scale mail        |    62 |    51 ||   113
Dodge: Dodged            |    50 |    36 ||    86
Block: Kite shield       |   103 |    58 ||   161
